 Dungeon Crawl Stone Soup version 0.27-a0-1137-g3ef0f4ec91 (webtiles) character file.

Game seed: 7270913362671430178

438 reriks the Sneak (level 6, 0/32 HPs)
             Began as a Spriggan Brigand on May 6, 2021.
             Succumbed to a water moccasin's poison
             ... on level 5 of the Dungeon.
             The game lasted 00:05:51 (6576 turns).

reriks the Sneak (Spriggan Brigand)                 Turns: 6576, Time: 00:05:52

Health: 0/32       AC:  5    Str:  7    XL:     6   Next: 69%
Magic:  7/7        EV: 19    Int: 13    God:
Gold:   270        SH:  0    Dex: 18    Spells: 5/5 levels left

rFire    . . .     SeeInvis +   o - +1 dagger (flame)
rCold    . . .     Faith    .   (shield restricted)
rNeg     . . .     Spirit   .   b - +0 robe
rPois    .         Reflect  .   j - +2 hat
rElec    .         Harm     .   c - +0 cloak
rCorr    .         Rampage  .   (gloves unavailable)
Will     +....                  (boots unavailable)
Stlth    ++++......             (no amulet)
HPRegen  0.10/turn              (no ring)
MPRegen  0.10/turn              (no ring)

@: lethally poisoned (0 -> -15), very quick
A: very small, no large weapons, unfitting armour, see invisible, speed 3
a: no special abilities


You were on level 5 of the Dungeon.
You visited 2 branches of the dungeon, and saw 6 of its levels.

You collected 270 gold pieces.

Inventory:

Hand Weapons
 a - a +2 dagger
 k - a +0 hand crossbow
 o - a +1 dagger of flaming (weapon)
Missiles
 d - 33 poisoned darts (quivered)
 e - 2 curare-tipped darts
Armour
 b - a +0 robe (worn)
 c - a +0 cloak (worn)
 j - a +2 hat (worn)
Scrolls
 f - 3 scrolls of teleportation {unknown}
 g - a scroll of blinking {unknown}
 h - 2 scrolls of noise {unknown}
 l - a scroll of fog {unknown}
 r - 4 scrolls of identify {unknown}
 v - a scroll of magic mapping {unknown}
Potions
 i - a potion of lignification {unknown}
 m - a potion of attraction {unknown}
 n - a potion of curing {unknown}
 p - a potion of cancellation {unknown}
 q - a potion of haste
 s - a potion of resistance
 t - a potion of berserk rage {unknown}
 u - a potion of flight {unknown}


   Skills:
 + Level 3.0 Fighting
 + Level 4.0 Short Blades
 + Level 3.6 Throwing
 + Level 4.1 Dodging
 + Level 7.6 Stealth


You had 5 spell levels left.
You didn't know any spells.
Your spell library contained the following spells:

 Spells                   Type           Power      Damage    Failure   Level
 Magic Dart               Conj           0%         1d3       30%         1
 Blink                    Tloc           N/A        N/A       43%         2
 Call Imp                 Summ           0%         N/A       43%         2
 Slow                     Hex            0%         N/A       43%         2
 Conjure Flame            Conj/Fire      0%         6-21      67%         3
 Mephitic Cloud           Conj/Pois/Air  0%         N/A       67%         3


Dungeon Overview and Level Annotations

Branches:
Dungeon (5/15)             Temple (1/1) D:4

Altars:
Cheibriados
Elyvilon
Fedhas
Hepliaklqana
Kikubaaqudgha
Makhleb
Nemelex Xobeh
Okawaru
Qazlal
Ru
Vehumet
Xom
Yredelemnul
Zin
The Shining One

Annotations:
D:5 1 transporter, Menkaure


Innate Abilities, Weirdness & Mutations

You are very small and have problems with some larger weapons.
You are too small for most types of armour.
You have supernaturally acute eyesight. (SInv)
You cover ground extremely quickly. (Speed+++)


Message History

You hit the water moccasin. You burn the water moccasin.
The water moccasin is heavily wounded.
The water moccasin bites you but does no damage.
You hit the water moccasin but do no damage.
The water moccasin is heavily wounded.
The water moccasin barely misses you.
You completely miss the water moccasin.
The water moccasin is heavily wounded.
The water moccasin misses you.
You hit the water moccasin. You burn the water moccasin.
The water moccasin is severely wounded.
The water moccasin bites you but does no damage.
You hit the water moccasin. You burn the water moccasin.
The water moccasin is severely wounded.
The water moccasin bites you! The water moccasin misses you.
You are too injured to fight recklessly!
You are too injured to fight recklessly!
You are too injured to fight recklessly!
You are too injured to fight recklessly!
You are too injured to fight recklessly!
You are too injured to fight recklessly!
You are too injured to fight recklessly!
You are too injured to fight recklessly!
You are too injured to fight recklessly!
You are too injured to fight recklessly!
You are too injured to fight recklessly!
You are too injured to fight recklessly!
You are too injured to fight recklessly!
You closely miss the water moccasin.
The water moccasin is severely wounded.
The water moccasin bites you.
You hit the water moccasin but do no damage.
The water moccasin is severely wounded.
The water moccasin bites you!
* * * LOW HITPOINT WARNING * * *
You are lethally poisoned!
The water moccasin poisons you!
You hit the water moccasin but do no damage.
The water moccasin is severely wounded.
You die...

#.#..##
#.#W....©.....#.#
#.#..##...##..#.#
#.#..#8...8#..#.#
#.#.W##...##..#.#
#.#..W....)..M#.#
#.#©!$_}⌠[_5WW#.#
..#############.#####
#.......©.......@S..#
#######...##..#####.#
#..###..# #.## #..# .
#######.# #..# ...
........# ##..#####...#
......### #...........#
.#....#####...#####..##
...♣♣.....S...# #


You could see a wraith, a phantom, a water moccasin, Menkaure and a shadow imp.

Vanquished Creatures
  Duvessa (D:4)
  An ogre (D:4)
  Dowan (D:4)
  A jelly (D:4)
  A bullfrog skeleton (D:5)
  Ijyb (D:3)
  A hound skeleton (D:4)
  2 adders (D:2)
  2 adder skeletons (D:4)
  4 dart slugs
  An orc (D:3)
  9 ball pythons
  5 bats
  5 endoplasms
  3 giant cockroaches
  7 goblins
  5 hobgoblins
  4 jackals (D:2)
  5 quokkas
  3 frilled lizards
  8 kobolds
  5 rats
  A spectral kobold (D:3)
76 creatures vanquished.

Notes
Turn   | Place    | Note
-------+----------+-------------------------------------------
     0 | D:1      | reriks the Spriggan Brigand began the quest for the Orb.
     0 | D:1      | Reached XP level 1. HP: 10/10 MP: 2/2
   306 | D:1      | Reached skill level 6 in Stealth
   351 | D:1      | Reached XP level 2. HP: 15/15 MP: 3/3
   925 | D:2      | Reached XP level 3. HP: 10/18 MP: 4/4
  2872 | D:3      | Reached XP level 4. HP: 19/23 MP: 5/5
  3056 | D:3      | Found a hazy altar of Hepliaklqana.
  3379 | D:3      | Noticed Ijyb
  3818 | D:3      | Killed Ijyb
  4037 | D:3      | Found a radiant altar of Vehumet.
  4449 | D:4      | Noticed Dowan
  4451 | D:4      | Noticed Duvessa
  4481 | D:4      | Killed Duvessa
  4482 | D:4      | Reached skill level 7 in Stealth
  4482 | D:4      | Reached XP level 5. HP: 27/27 MP: 6/6
  4809 | D:4      | Killed Dowan
  4810 | D:4      | Reached XP level 6. HP: 23/32 MP: 7/7
  5052 | D:4      | Found a stormy altar of Qazlal.
  5410 | D:4      | Found a staircase to the Ecumenical Temple.
  5415 | Temple   | Entered the Ecumenical Temple
  5941 | D:5      | Entered Level 5 of the Dungeon
  5970 | D:5      | Noticed a water moccasin
  6530 | D:5      | Found a snail-covered altar of Cheibriados.
  6531 | D:5      | Found a transporter.
  6532 | D:5      | Found an ancient bone altar of Kikubaaqudgha.
  6538 | D:5      | Noticed Menkaure
  6540 | D:5      | Found a basalt altar of Yredelemnul.
  6544 | D:5      | Noticed a wraith
  6576 | D:5      | Succumbed to a water moccasin's poison

Illustrated notes

Levels and vault maps discovered:
D:1:      evilmike_arrival_plus, layout_rooms, minmay_strange_pillars
D:2:      layout_basic, minmay_misc_feat_room
D:3:      layout_loops_ring, nicolae_hepliaklqana_monster_ancestors,
          amcnicky_altar_gilded, minmay_distorted, uniq_ijyb
D:4:      layout_cave_pools, old_standard_altar,
          minmay_temple_entry_glassed_door, minivault_26,
          hangedman_decor_clover_reticule, serial_bayou_crossing, uniq_duvessa
D:5:      layout_loops_ring, gammafunk_temple_of_torment, cheibriados_altar_1,
          grunt_ministairs_14, corexii_shack, dk_vineyard_2, nrook_campfire,
          chequers_arboretum, minmay_starry_boxes, uniq_pikel
Temple:   jpeg_temple_island

Skill      XL: |  1  2  3  4  5  6 |
---------------+-------------------+-----
Stealth        | 6 7 |  7.6
Dodging        | 2 3 4 |  4.1
Fighting       | 2 3 |  3.0
Short Blades   | 3 4 |  4.0
Throwing       | 3 |  3.6

Action                   |  1- 3 |  4- 6 || total
-------------------------+-------+-------++-------
Melee: Dagger            |   171 |   192 ||   363
Throw: Dart              |     5 |    30 ||    35
 Stab: Sleeping          |     9 |    13 ||    22
Armor: Robe              |    20 |    31 ||    51
Dodge: Dodged            |   117 |   120 ||   237

Table legend: (Time is in decaauts)
 A = Elapsed time spent in this place.
 B = Non-inter-level travel time spent in this place.
 C = Inter-level travel time spent in this place.
 D = Time resting spent in this place.
 E = Time spent auto-exploring this place.
 F = Levels seen in this place.
 G = Mean time per level.
                   A        B        C        D        E       F      G
               +--------+--------+--------+--------+--------+-----+--------+
         Total |   5378 |   5278 |    100 |   2083 |   2524 |   6 |  896.3 |
       Dungeon |   5190 |   5094 |     96 |   2083 |   2346 |   5 | 1038.0 |
        Temple |    188 |    185 |      3 |      0 |    178 |   1 |  188.0 |
               +--------+--------+--------+--------+--------+-----+--------+

Top non-repeatable levels by time:
     D:2: 1924 daAuts
     D:4: 1296 daAuts
     D:3: 1119 daAuts
     D:1: 717 daAuts
  Temple: 188 daAuts
     D:5: 132 daAuts
